 Dungeon Crawl Stone Soup version 0.29.1-1-gd02db6906a (webtiles) character file.

Game seed: 15172729693436455686

20 Jakudza the Gusty (level 2, -3/15 HPs)
             Began as a Tengu Air Elementalist on Sept 16, 2022.
             Slain by a quokka (4 damage)
             ... on level 1 of the Dungeon.
             The game lasted 00:01:44 (689 turns).

Jakudza the Gusty (Tengu Air Elementalist)           Turns: 689, Time: 00:01:45

Health: -3/15      AC:  2    Str:  8    XL:     2   Next: 79%
Magic:  0/6        EV: 12    Int: 15    God:
Gold:   30         SH:  0    Dex: 14    Spells: 4/5 levels left

rFire   . . .      SeeInvis .   d - +0 club
rCold   . . .      Faith    .   (no shield)
rNeg    . . .      Spirit   .   a - +0 robe
rPois   .          Reflect  .   (helmet restricted)
rElec   .          Harm     .   (no cloak)
rCorr   .          Rampage  .   (no gloves)
Will    .....                   (boots unavailable)
Stlth   ++........              (no amulet)
HPRegen 0.05/turn               (no ring)
MPRegen 0.10/turn               (no ring)

@: no status effects
A: beak, talons 3
a: no special abilities


You were on level 1 of the Dungeon.
You visited 1 branch of the dungeon, and saw 1 of its levels.

You collected 30 gold pieces.

Inventory:

Hand Weapons
 d - a +0 club (weapon)
Armour
 a - a +0 robe (worn)
Scrolls
 c - 2 scrolls of immolation
Potions
 b - a potion of magic


   Skills:
 + Level 0.2 Fighting
 + Level 2.4 Dodging
 - Level 2.1 Stealth
 * Level 2.3 Spellcasting
 + Level 1.9 Conjurations
 * Level 4.3 Air Magic


You had 4 spell levels left.
You knew the following spells:

 Your Spells              Type           Power      Damage    Failure   Level
a - Shock                 Conj/Air       44%        1d5       6%          1

Your spell library contained the following spells:

 Spells                   Type           Power      Damage    Failure   Level
 Static Discharge         Conj/Air       11%        3-5/arc   9%          2
 Swiftness                Air            14%        N/A       11%         3
 Airstrike                Air            7%         2d(1-17)  34%         4


Dungeon Overview and Level Annotations

Branches:
Dungeon (1/15)

Altars:


Innate Abilities, Weirdness & Mutations

You have a beak for a mouth.
You have claws for feet.


Message History

A ball python and a giant cockroach come into view.
Found a potion of mutation.
There is an open door here.
The zap hits the giant cockroach.
The giant cockroach is moderately wounded.
The zap hits the giant cockroach.
The giant cockroach is almost dead.
The giant cockroach closely misses you.
The zap hits the giant cockroach.
You kill the giant cockroach!
The ball python hisses angrily.
A ball python is nearby!
You can't see any susceptible monsters within range! (Use Z to cast anyway.)
You now have 30 gold pieces (gained 4).
A quokka comes into view.
Found a short sword.
The zap misses the ball python.
The ball python bites you but does no damage.
The ball python grabs you. The ball python constricts you.
The zap hits the ball python.
The ball python is severely wounded.
The ball python bites you. The ball python constricts you.
The zap misses the ball python.
The ball python closely misses you. The ball python constricts you.
The zap hits the ball python.
You kill the ball python!
You are out of magic!
You are out of magic!
The quokka bites you.
You closely miss the quokka.
The quokka twitches its whiskers.
The quokka bites you.
* * * LOW HITPOINT WARNING * * *
The quokka barely misses you.
You closely miss the quokka. Your kick misses the quokka.
The quokka bites you but does no damage.
You barely miss the quokka. You peck the quokka.
The quokka is almost dead.
The quokka bites you.
You die...

## . ..)# ..###
..# #### ....#.
..# ...# # ..#.
..# ...#
#.###_###.# ...#
#....#....# ...#
#....#.r@!# ..!# #
#..#####†.# ...#
#. #....#....#
...#
#..#####'#####
#### #...........#
######.........###
....#######....#
###.# #....# #
.##.# ###....##.#


You could see a quokka.

Vanquished Creatures
  4 endoplasms (D:1)
  A giant cockroach (D:1)
  A goblin (D:1)
  2 ball pythons (D:1)
  6 bats (D:1)
  A frilled lizard (D:1)
  A kobold (D:1)
  3 rats (D:1)
19 creatures vanquished.

Notes
Turn   | Place    | Note
-------+----------+-------------------------------------------
     0 | D:1      | Jakudza the Tengu Air Elementalist began the quest for the
                  | Orb.
     0 | D:1      | Reached XP level 1. HP: 10/10 MP: 4/4
   184 | D:1      | Reached XP level 2. HP: 14/15 MP: 3/6
   672 | D:1      | Found a faded altar of an unknown god.
   689 | D:1      | Slain by a quokka

Illustrated notes

Levels and vault maps discovered:
D:1:      psy_arrival_terrarium, layout_basic,
          shapermc_ecumenical_altar_notcrosses

Action                   || total
-------------------------++-------
Melee: Unarmed           ||     5
       Club              ||     3
       Kick              ||     2
       Peck              ||     2
 Cast: Shock             ||    33
  Use: Scroll            ||     4
Armor: Robe              ||     4
Dodge: Dodged            ||    10
